 Dungeon Crawl Stone Soup version 0.32-a0-132-g2d33c3cfaf (webtiles) character file.

Game seed: 5156866522979549659

214 Ge0ff the Poker (level 5, -2/41 HPs)
             Began as a Mummy Chaos Knight on Feb 9, 2024.
             Slain by an iguana (5 damage)
             ... on level 7 of the Dungeon.
             The game lasted 00:07:31 (3705 turns).

Ge0ff the Poker (Mummy Chaos Knight)                Turns: 3705, Time: 00:07:31

Health: -2/41      AC:  6    Str: 17    XL:     5   Next: 60%
Magic:  5/5        EV: 11    Int: 12    God:
Gold:   182        SH:  0    Dex: 11    Spells: 4/4 levels left

rFire   x . .        b - +0 spear (chaos)
rCold   + + .        (no shield)
rNeg    + + +        O - +2 leather armour
rPois   ∞            U - +0 helmet
rElec   .            (no cloak)
rCorr   .            (no gloves)
SInv    .            (no boots)
Will    +....        (no amulet)
Stlth   +            Z - ring of protection from cold
HPRegen 0.26/turn    L - ring of willpower {=R}
MPRegen 0.09/turn

%: faith
@: no status effects
A: cold resistance 1, negative energy resistance 3, torment resistance 2, heat
vulnerability 1, in touch with death 1, no potions, faith
a: no special abilities


You were on level 7 of the Dungeon.
You visited 2 branches of the dungeon, and saw 6 of its levels.

You collected 182 gold pieces.

Inventory:

Hand Weapons
 a - a +1 spear of freezing
 b - a +0 spear of chaos (weapon)
 M - a +4 short sword of venom
 W - a +2 heavy spear
 Y - a +0 sling
Missiles
 N - 68 stones (quivered)
 P - 8 poisoned darts
 V - 7 boomerangs
Armour
 O - a +2 leather armour (worn)
 U - a +0 helmet (worn)
Magical Staves
 R - a staff of fire
Jewellery
 L - a ring of willpower (right hand) {=R}
 X - a ring of ice
 Z - a ring of protection from cold (left hand)
Scrolls
 i - 2 scrolls of identify
 y - 3 scrolls of immolation
 K - a scroll of blinking {unknown}
 Q - a scroll of acquirement
 T - a scroll of teleportation


   Skills:
 + Level 3.1 Fighting
 * Level 5.1 Polearms
 + Level 1.7 Armour
 - Level 1.0 Dodging


You had 4 spell levels left.
You didn't know any spells.
Your spell library was empty.

Dungeon Overview and Level Annotations

Branches:
Dungeon (4/15) Zot: 26920  Temple (1/1) D:4 Zot: 5398

Altars:
Ashenzari
Cheibriados
Fedhas
Kikubaaqudgha
Okawaru
Ru
Sif Muna
Trog
Uskayaw
Vehumet
Wu Jian
Xom
Yredelemnul


Innate Abilities, Weirdness & Mutations

You are immune to poison.
Your flesh is cold resistant. (rC+)
You are immune to negative energy. (rN+++)
You are immune to unholy pain and torment.
You are vulnerable to heat. (rF-)
You are in touch with the powers of death.
You do not drink.
You have a special connection with the divine. (Faith)


Message History

Your +1 spear of freezing stops glowing.
Your +0 spear of chaos is briefly surrounded by a scintillating aura of random colours.
b - a +0 spear of chaos (weapon)
The killer bee misses you.
You barely miss the killer bee. The killer bee barely misses you.
The killer bee stings you.
You miss the killer bee. The killer bee stings you.
You miss the killer bee. The killer bee closely misses you. x2
You closely miss the killer bee. The killer bee stings you. x2
You miss the killer bee. Your punch misses the killer bee.
The killer bee closely misses you.
You miss the killer bee. The killer bee stings you.
* * * LOW HITPOINT WARNING * * *
The killer bee stings you!
* * * LOW HITPOINT WARNING * * *
You hit the killer bee. You freeze the killer bee.
The killer bee is lightly wounded.
The killer bee closely misses you. The killer bee barely misses you.
You closely miss the killer bee.
The killer bee is lightly wounded.
The killer bee misses you.
As you read the scroll of butterflies, it crumbles to dust.
You hear the flapping of tiny wings.
The killer bee is knocked back by the sudden gust.
The killer bee misses your butterfly.
The killer bee completely misses your butterfly.
As you read the scroll of teleportation, it crumbles to dust.
You feel strangely unstable. The killer bee misses your butterfly.
The killer bee completely misses your butterfly.
The killer bee barely misses your butterfly.
A killer bee comes into view.
The killer bee misses your butterfly.
Your surroundings suddenly seem different.
An iguana comes into view.
The iguana hisses angrily.
Reach: b) +0 spear (chaos)
Press: ? - help, Dir - move target, f - iguana
Aim: an iguana (about 35% to evade your +0 spear of chaos)
You reach to attack!
You completely miss the iguana.
Reach: b) +0 spear (chaos)
Press: ? - help, Dir - move target, f/p - iguana
Aim: an iguana (about 35% to evade your +0 spear of chaos)
You hit the iguana. You freeze the iguana.
The iguana is lightly wounded.
The iguana bites you.
* * * LOW HITPOINT WARNING * * *
You hit the iguana.
The iguana is moderately wounded.
The iguana bites you.
You die...

#....#
#....##
#.....#
##.....#
#..###..#
#. ##..#
#..#
##..##
#...#...#
#..l@.##
##....#
######


You could see an iguana.

Vanquished Creatures
  A hound (Temple)
  An orc priest (Temple)
  An iguana (D:4)
  3 adders (D:2)
  A dart slug (D:4)
  4 ribbon worms
  7 orcs
  7 bats
  9 endoplasms
  4 giant cockroaches
  5 goblins
  5 hobgoblins
  A jackal (D:3)
  5 quokkas
  7 ball pythons
  3 frilled lizards
  10 kobolds
  7 rats
81 creatures vanquished.

Notes
Turn   | Place    | Note
-------+----------+-------------------------------------------
     0 | D:1      | Ge0ff the Mummy Chaos Knight began the quest for the Orb.
     0 | D:1      | Reached XP level 1. HP: 18/18 MP: 1/1
   205 | D:1      | XOM: silly message
   245 | D:1      | Fell from the grace of Xom
   329 | D:1      | Reached XP level 2. HP: 24/24 MP: 2/2
   353 | D:1      | Reached skill level 3 in Polearms
   693 | D:2      | Reached XP level 3. HP: 29/29 MP: 3/3
   756 | D:2      | Identified a scroll of acquirement
  1148 | D:2      | XOM: scenery: summon butterflies
  1305 | D:2      | Reached skill level 4 in Polearms
  1428 | D:2      | Reached XP level 4. HP: 35/35 MP: 4/4
  2556 | D:3      | XOM: stat loss: -3 Dex (8/11)
  2582 | D:4      | Found a hide-covered altar of Uskayaw.
  2587 | D:4      | Found a bloodstained altar of Trog.
  2852 | D:4      | Reached XP level 5. HP: 41/41 MP: 5/5
  2870 | D:4      | Found a staircase to the Ecumenical Temple.
  2881 | Temple   | Entered the Ecumenical Temple
  3229 | Temple   | Reached skill level 5 in Polearms
  3291 | Temple   | Reached skill level 1 in Dodging
  3672 | D:4      | You fall into a shaft and drop 3 floors!
  3705 | D:7      | Slain by an iguana

Illustrated notes

Levels and vault maps discovered:
D:1:      shiori_arrival_maze, layout_basic
D:2:      minmay_razor_zed, layout_rooms, dk_noncrumbling_4, minmay_diced_spiral
D:3:      layout_basic, minmay_circle_x
D:4:      cheibrodos_helix_gallery, layout_cave_pools, elyvilon_altar_3,
          minitemple, minmay_temple_entry_trees
D:7:      layout_layer_cave, minmay_misc_feat_enclosed, uniq_pikel
Temple:   nicolae_temple_hex_pool

Skill      XL: |  1  2  3  4  5 |
---------------+----------------+-----
Polearms       | 3 4 5 |  5.1
Dodging        | 1 |  1.0
Fighting       | |  3.1
Armour         | |  1.7

Action                     |  1- 3 |  4- 6 || total
---------------------------+-------+-------++-------
  Melee: Spear             |   116 |   158 ||   274
         Punch             |     3 |     5 ||     8
  Throw: Stone             |     2 |     3 ||     5
 Invoke: Renounce Religion |     1 |       ||     1
    Use: Scroll            |     3 |     2 ||     5
   Stab: Sleeping          |     3 |       ||     3
 Armour: Leather armour    |    37 |   121 ||   158
  Dodge: Dodged            |    41 |   131 ||   172

Table legend: (Time is in decaauts)
 A = Elapsed time spent in this place.
 B = Non-inter-level travel time spent in this place.
 C = Inter-level travel time spent in this place.
 D = Time resting spent in this place.
 E = Time spent auto-exploring this place.
 F = Levels seen in this place.
 G = Mean time per level.
                   A        B        C        D        E       F      G
               +--------+--------+--------+--------+--------+-----+--------+
         Total |   3679 |   3504 |    175 |    761 |   1965 |   6 |  613.2 |
       Dungeon |   3078 |   2903 |    175 |    313 |   1853 |   5 |  615.6 |
        Temple |    601 |    601 |      0 |    448 |    112 |   1 |  601.0 |
               +--------+--------+--------+--------+--------+-----+--------+

Top non-repeatable levels by time:
     D:3: 1040 daAuts
     D:2: 949 daAuts
     D:1: 673 daAuts
  Temple: 601 daAuts
     D:4: 384 daAuts
     D:7: 30 daAuts
